 Dungeon Crawl Stone Soup version 0.19-a0-1254-gb9c29c0 (webtiles) character file.

105 Duffy the Sneak (level 4, -1/21 HPs)
             Began as a Spriggan Enchanter on Aug 27, 2016.
             Slain by a hobgoblin
             ... wielding a +0 club
              (2 damage)
             ... on level 2 of the Dungeon.
             The game lasted 00:04:36 (3478 turns).

Duffy the Sneak (Spriggan Enchanter)                Turns: 3478, Time: 00:04:36

Health: -1/21      AC:  3    Str:  4    XL:     4   Next: 53%
Magic:  4/10       EV: 18    Int: 17    God:
Gold:   74         SH:  0    Dex: 16    Spells: 4 memorised, 1 level left

rFire  . . .     SeeInvis +     a - +1 dagger
rCold  . . .     Gourm    .     b - +1 robe
rNeg   . . .     Faith    .     (shield restricted)
rPois  .         Spirit   .     (helmet restricted)
rElec  .         Dismiss  .     (no cloak)
rCorr  .         Reflect  .     (gloves unavailable)
MR     .....     Harm     .     (boots unavailable)
Stlth  ++++......               (no amulet)
                                (no ring)
                                (no ring)

@: very quick
A: unfitting armour, see invisible, herbivore 3, speed 3, slow metabolism 2
a: no special abilities


You were on level 2 of the Dungeon.
You were full.

You visited 1 branch of the dungeon, and saw 3 of its levels.

You collected 74 gold pieces.

Inventory:

Hand Weapons
 a - a +1 dagger (weapon)
Armour
 b - a +1 robe (worn)
Scrolls
 e - a scroll of teleportation {unknown}
 f - 3 scrolls of identify {unknown}
 h - 2 scrolls of immolation {unknown}
 m - a scroll of remove curse {unknown}
Potions
 g - a potion of agility {unknown}
 i - a potion of cancellation {unknown}
 j - a potion of cure mutation {unknown}
 k - a potion of magic {unknown}
 l - 2 potions of degeneration {unknown}
Books
 c - a book of Maledictions

   Spells                             Type                      Level
   a - Corona                         Hexes                        1
   b - Ensorcelled Hibernation        Hexes/Ice                    2
   c - Confuse                        Hexes                        3
   d - Tukima's Dance                 Hexes                        3
   e - Dazzling Spray                 Conjuration/Hexes            3


   Skills:
 + Level 2.4 Short Blades
 - Level 3.0 Dodging
 + Level 5.8 Stealth
 + Level 3.6 Spellcasting
 + Level 4.4 Hexes


You had one spell level left.
You knew the following spells:

 Your Spells              Type           Power        Failure   Level  Hunger
a - Ensorcelled Hibernat  Hex/Ice        ##....       12%         2    ##.....
c - Confuse               Hex            ###.....     10%         3    ###....
l - Tukima's Dance        Hex            ###.....     10%         3    ###....
r - Corona                Hex            ###....      2%          1    None


Dungeon Overview and Level Annotations

Branches:
Dungeon (3/15)

Altars:

Annotations:
D:2 Grinder


Innate Abilities, Weirdness & Mutations

You are tiny and cannot use many weapons and most armour.
You have supernaturally acute eyesight. (SInv)
You are a herbivore.
You cover ground extremely quickly.
You need consume almost no food.


Message History

Confirm with . or Enter, or press ? or * to list all spells.
Aiming: Confuse
Press: ? - help, Shift-Dir - straight line, f - Grinder
Aim: Grinder (chance to defeat MR: 49%) Grinder resists with some effort.
Grinder hits you!
You writhe in agony.
Casting: Confuse
Confirm with . or Enter, or press ? or * to list all spells.
Aiming: Confuse
Press: ? - help, Shift-Dir - straight line, f/p - Grinder
Aim: Grinder (chance to defeat MR: 49%) Grinder appears confused.
The hobgoblin misses you.
You barely miss Grinder.
Grinder barely misses the hobgoblin.
You hit Grinder but do no damage. Grinder hits you.
You writhe in agony.
You hit Grinder but do no damage. You hit Grinder.
Grinder is lightly wounded.
You hit Grinder.
Grinder is lightly wounded.
The hobgoblin hits you with a club.
You die...

##.# #.# ###.## #.# #.# #....#
##'## #.# #.#..# #...## #.#
#.#..# %....## ##.### #.#..### #
......## ##....## #.#....####
.......####...##.######.#........
.......+.......5.g>..............
.......####....#@######.#....###.
......## ##.)..## #......# #.
%....## #####)##### ##.#.### #.
#...## #.........# #.#.# #. ##'##
#.###.###.# #.#.#####. #.# #.#
#.# #.# #.#....... ##.# #.# #.#
#.# #.######## ##.## #.# #.# #.#
#<# #.. #...#### #.# #.# #.#
###.### #.#


You could see Grinder (confused) and a hobgoblin.

Vanquished Creatures
  4 adders
  An ooze (D:2)
  A worm (D:2)
  A dart slug (D:1)
  A giant gecko (D:1)
  A giant cockroach (D:2)
  7 goblins
  13 hobgoblins
  4 jackals (D:1)
  10 bats
  7 giant newts
  6 kobolds
  5 rats
61 creatures vanquished.

Notes
Turn   | Place    | Note
-------+----------+-------------------------------------------
     0 | D:1      | Duffy the Spriggan Enchanter began the quest for the Orb.
     0 | D:1      | Reached XP level 1. HP: 9/9 MP: 5/5
   140 | D:2      | Reached XP level 2. HP: 5/13 MP: 6/6
   152 | D:2      | Learned a level 2 spell: Ensorcelled Hibernation
  1431 | D:1      | Reached skill level 5 in Stealth
  1474 | D:1      | Reached XP level 3. HP: 10/16 MP: 8/8
  1858 | D:1      | Learned a level 3 spell: Confuse
  2565 | D:2      | Reached XP level 4. HP: 21/21 MP: 10/10
  2570 | D:2      | Learned a level 3 spell: Tukima's Dance
  3447 | D:3      | Noticed Grinder
  3475 | D:2      | HP: 1/21 [Grinder (4)]
  3478 | D:2      | Slain by a hobgoblin

Vault maps used:
D:1:      mrwooster_arrival_statue, minmay_liquid_box
D:2:      grunt_decor_cap, minmay_domino_4
D:3:      kb_forest_paths, portal_sewer_entry_e, uniq_grinder

Skill      XL: |  1  2  3 |
---------------+----------+-----
Spellcasting   | 3 |  3.6
Stealth        | 5 |  5.8
Short Blades   | 2 |  2.4
Hexes          | 4 |  4.4
Dodging        | |  3.0

Action                   |  1- 3 |  4- 6 || total
-------------------------+-------+-------++-------
Melee: Dagger            |   183 |    49 ||   232
 Cast: Ensorcelled Hiber |     8 |     4 ||    12
       Confuse           |       |     2 ||     2
 Stab: Sleeping          |    20 |     8 ||    28
       Distracted        |     1 |       ||     1
  Eat: Bread ration      |       |     1 ||     1
Armor: Robe              |    23 |     9 ||    32
Dodge: Dodged            |   131 |    58 ||   189
